 Dungeon Crawl Stone Soup version 0.30-a0-860-g512cf1e979 (webtiles) character file.

Game seed: 17112511455621491911

3799 jasper the Spear-Bearer (level 9, -2/108 HPs)
             Began as a Demonspawn Fighter on Mar 7, 2023.
             Was an Initiate of Yredelemnul.
             Slain by an orc warrior
             ... wielding a +0 mace
              (9 damage)
             ... on level 8 of the Dungeon.
             The game lasted 00:14:00 (8911 turns).

jasper the Spear-Bearer (Demonspawn Fighter)        Turns: 8911, Time: 00:14:00

Health: -2/108     AC: 24    Str: 20    XL:     9   Next: 96%
Magic:  12/12      EV:  2    Int:  9    God:    Yredelemnul [......]
Gold:   289        SH:  5    Dex: 14    Spells: 8/8 levels left

rFire   . . .      SeeInvis .    a - +0 trident
rCold   . . .      Faith    .    c - +0 buckler
rNeg    . . .      Spirit   .    C - melded +0 plate armour
rPois   +          Reflect  .    n - melded +0 helmet
rElec   .          Rampage  .    g - melded +1 cloak
rCorr   .          NoTele   +    (gloves currently unavailable)
Will    .....                    z - melded +0 pair of boots
Stlth   +                        (no amulet)
HPRegen 0.38/turn                (no ring)
MPRegen 0.13/turn                (no ring)

@: tree-form
A: stationary, stasis, torment immunity, boosted hp, (yellow scales 2)
a: Renounce Religion, Recall Undead Harvest


You were on level 8 of the Dungeon.
You worshipped Yredelemnul.
Yredelemnul was noncommittal.
You were a tree.
You visited 2 branches of the dungeon, and saw 9 of its levels.

You collected 387 gold pieces.
You spent 98 gold pieces at shops.

Inventory:

Hand Weapons
 a - a +0 trident (weapon)
 e - a +0 scythe
 h - a -1 demon whip of venom
Missiles
 k - 50 stones
 o - 3 boomerangs (quivered)
 p - 3 poisoned darts
Armour
 b - a +0 scale mail
 c - a +0 buckler (worn)
 g - a +1 cloak (melded)
 n - a +0 helmet (melded)
 x - a +0 cloak
 z - a +0 pair of boots (melded)
 C - a +0 plate armour (melded)
Jewellery
 G - a ring of flight
Wands
 d - a wand of digging (6)
 j - a wand of paralysis (7)
 s - a wand of polymorph (7)
 E - a wand of roots (6)
Scrolls
 f - a scroll of fear
 v - 3 scrolls of blinking
 w - a scroll of immolation
 y - 2 scrolls of teleportation
 F - 2 scrolls of poison
Potions
 l - 3 potions of lignification
 m - 2 potions of attraction
 q - 3 potions of degeneration
 r - 2 potions of brilliance
 u - a potion of magic {unknown}


   Skills:
 + Level 7.4 Fighting
 * Level 9.0 Polearms
 + Level 6.8 Armour
 - Level 4.0 Shields
 + Level 4.1 Invocations


You had 8 spell levels left.
You didn't know any spells.
Your spell library contained the following spells:

 Spells                   Type           Power      Damage    Failure   Level
 Apportation              Tloc           0%         N/A       45%         1
 Necrotise                Necr           0%         1d4       45%         1
 Slow                     Hex            0%         N/A       45%         1
 Summon Small Mammal      Summ           0%         N/A       45%         1
 Confusing Touch          Hex            0%         N/A       83%         3
 Vampiric Draining        Necr           0%         2d6       83%         3


Dungeon Overview and Level Annotations

Branches:
Dungeon (8/15)             Temple (1/1) D:6
   Lair: D:8-11

Altars:
Ashenzari
Cheibriados
Fedhas
Gozag
Hepliaklqana
Kikubaaqudgha
Makhleb
Nemelex Xobeh
Okawaru
Qazlal
Ru
Sif Muna
Trog
Uskayaw
Vehumet
Wu Jian
Xom
Yredelemnul

Shops:
D:1 [:   D:3 !


Innate Abilities, Weirdness & Mutations

You are a tree.
Your roots penetrate the ground, keeping you stationary.
You cannot be teleported.
You are immune to unholy pain and torment.
Your maximum health is greatly increased.
Your equipment is partially melded.
((You are mostly covered in yellow scales. (AC +3)))


Message History

The orc priest looks encouraged for a moment.
You take 10 damage, and have 30/72 hp.
You completely miss the orc warrior.
The orc warrior is almost dead.
The orc warrior completely misses you.
You completely miss the orc warrior.
The orc warrior is almost dead.
The orc warrior barely misses you.
The orc priest looks satisfied for a moment.
You hit the orc warrior but do no damage.
The orc warrior is almost dead.
The orc warrior barely misses you.
You hit the orc warrior.
The orc warrior is almost dead.
You block the orc warrior's attack.
The orc priest calls down the wrath of Beogh upon you.
Beogh smites you!
* * * LOW HITPOINT WARNING * * *
You take 15 damage, and have 16/72 hp.
MASSIVE DAMAGE!!
You closely miss the orc warrior.
The orc warrior is almost dead.
The orc warrior hits you with a +0 mace.
* * * LOW HITPOINT WARNING * * *
The orc priest casts a cantrip, but nothing happens.
You take 5 damage, and have 11/72 hp.
Really quaff the potion of lignification?
You turn into a tree.
Your +1 cloak melds into your body.
Your +0 helmet melds into your body.
Your +0 pair of boots melds into your body.
Your +0 plate armour melds into your body.
Your roots penetrate the ground.
The orc warrior hits you with a +0 mace!
* * * LOW HITPOINT WARNING * * *
The orc priest casts a cantrip, but nothing happens.
You now have 7/108 hp.
You completely miss the orc warrior.
The orc warrior is almost dead.
The orc warrior hits you with a +0 mace!
You die...
Your body rises from the dead as a mindless zombie.

#....#
###.[.....
#....#
##.##...
####.#
#.##.## #.#
#.##.# #.#
..##.# #.#
####.# #.#
...
#.########..
#..
#..♣ooo.....
...
#########...
....


You could see an orc warrior and 2 orc priests.

Vanquished Creatures
  Amaemon (D:8)
  An orange demon (D:8)
  Grinder (D:5)
  Sigmund (D:3)
  A yak (D:5)
  2 steam dragons
  A water moccasin (D:7)
  An ogre (D:5)
  3 centaurs
  A phantom (D:6)
  A bullfrog (D:7)
  A gnoll sergeant (D:8)
  3 scorpions (D:5)
  6 wights (D:7)
  A howler monkey (D:7)
  A hound (D:5)
  Crazy Yiuf (D:5)
  A gnoll bouda (D:6)
  Terence (D:3)
  A sleepcap (D:5)
  3 iguanas
  Ijyb (D:4)
  Natasha (thrice) (D:3)
  5 orc wizards (D:5)
  Robin (D:3)
  2 adders
  9 gnolls
  A shadow imp (D:6)
  2 white imps (D:6)
  2 worms
  6 dart slugs
  13 orcs
  7 ball pythons
  3 bats
  4 endoplasms
  4 giant cockroaches
  14 goblins
  7 hobgoblins
  2 jackals (D:1)
  2 quokkas (D:5)
  8 frilled lizards
  2 kobolds
  4 rats
135 creatures vanquished.

Vanquished Creatures (collateral kills)
  A yak (D:5)
  An orc warrior (D:7)
  An ogre (D:7)
  A wight (D:7)
  2 gnolls
6 creatures vanquished.

Vanquished Creatures (others)
  A spectral orange demon (D:8)
  A water moccasin zombie (D:7)
  A centaur zombie (D:6)
  A steam dragon zombie (D:8)
  A spectral white imp (D:6)
  4 gnoll zombies
  2 orc zombies (D:7)
  A fungus (D:1)
  5 toadstools (D:1)
17 creatures vanquished.

Grand Total: 158 creatures vanquished

Notes
Turn   | Place    | Note
-------+----------+-------------------------------------------
     0 | D:1      | jasper the Demonspawn Fighter began the quest for the Orb.
     0 | D:1      | Reached XP level 1. HP: 18/18 MP: 1/1
    23 | D:1      | Found Qad Qunt's Book Shop.
   145 | D:1      | Reached skill level 2 in Polearms
   239 | D:1      | Gained mutation: You are partially covered in yellow
                  | scales. (AC +2) [demonic ancestry]
   239 | D:1      | Reached XP level 2. HP: 15/24 MP: 2/2
   404 | D:1      | Found Kiociby's Antique Armour Shoppe.
   960 | D:2      | Reached XP level 3. HP: 22/29 MP: 3/3
  1408 | D:3      | Noticed Sigmund
  1416 | D:3      | Killed Sigmund
  1417 | D:3      | Reached skill level 3 in Polearms
  1417 | D:3      | Gained mutation: You are mostly covered in yellow scales.
                  | (AC +3) [demonic ancestry]
  1417 | D:3      | Reached XP level 4. HP: 37/37 MP: 4/4
  1417 | D:3      | Reached XP level 5. HP: 42/42 MP: 5/5
  1492 | D:3      | Noticed Natasha
  1511 | D:3      | Killed Natasha
  1528 | D:3      | Noticed Natasha
  1535 | D:3      | Killed Natasha
  1576 | D:3      | Noticed Terence
  1629 | D:3      | Killed Terence
  1630 | D:3      | Reached XP level 6. HP: 37/48 MP: 6/6
  1693 | D:3      | Noticed Natasha
  1705 | D:3      | HP: 1/48 [Natasha (4)]
  1706 | D:3      | Killed Natasha
  2032 | D:3      | Found Xakimih's Distillery.
  2041 | D:3      | Bought a potion of curing for 42 gold pieces
  2041 | D:3      | Bought a potion of might for 56 gold pieces
  2082 | D:3      | Noticed Robin
  2105 | D:3      | Reached skill level 4 in Polearms
  2112 | D:3      | Killed Robin
  2661 | D:4      | Noticed Ijyb
  2665 | D:4      | Paralysed by Ijyb for 4 turns
  2674 | D:4      | Killed Ijyb
  3202 | D:4      | Found a sparkling altar of Nemelex Xobeh.
  3328 | D:5      | Entered Level 5 of the Dungeon
  3432 | D:5      | Reached XP level 7. HP: 41/55 MP: 7/7
  3501 | D:5      | Noticed Grinder
  3514 | D:5      | Killed Grinder
  3515 | D:5      | Reached skill level 5 in Polearms
  3568 | D:5      | Reached skill level 5 in Fighting
  3930 | D:5      | Reached XP level 8. HP: 61/62 MP: 8/8
  4158 | D:5      | Reached skill level 6 in Polearms
  4296 | D:5      | Found a runed translucent door.
  4297 | D:5      | Noticed Crazy Yiuf
  4373 | D:5      | Killed Crazy Yiuf
  4570 | D:6      | Reached skill level 5 in Armour
  4853 | D:6      | Found a staircase to the Ecumenical Temple.
  4863 | Temple   | Entered the Ecumenical Temple
  5320 | Temple   | Became a worshipper of Yredelemnul the Dark
  5573 | D:6      | Reached * piety under Yredelemnul
  6320 | D:5      | Reached skill level 7 in Polearms
  6736 | D:7      | Reached XP level 9. HP: 7/71 MP: 9/9
  6984 | D:7      | Reached ** piety under Yredelemnul
  7464 | D:7      | Reached skill level 1 in Invocations
  7476 | D:7      | Reached skill level 8 in Polearms
  8203 | D:8      | Noticed an orange demon
  8220 | D:8      | Killed an orange demon
  8262 | D:8      | Noticed Amaemon
  8301 | D:8      | Killed Amaemon
  8628 | D:8      | Reached skill level 9 in Polearms
  8911 | D:8      | Slain by an orc warrior

Illustrated notes

Levels and vault maps discovered:
D:1:      psy_arrival_terrarium, layout_loops_ring, serial_shops,
          nicolae_shop_crystal, nicolae_shop_stone, minivault_25,
          grunt_decor_one_mirror, minmay_gold_behind_fungi
D:2:      layout_basic, minmay_lizard_pond
D:3:      layout_basic, serial_shops, shop, uniq_sigmund, uniq_robin,
          uniq_terence, uniq_natasha
D:4:      layout_loops_ring, mainiacjoe_overflow_24_doors, uniq_ijyb
D:5:      nicolae_cairo_tiling_large, layout_cave_pools, minivault_1,
          moated_statue, uniq_grinder, uniq_crazy_yiuf_cottage
D:6:      layout_layer_cave, minmay_temple_entry_ruins
D:7:      layout_loops_ring, grunt_decor_arrowhead
D:8:      layout_basic, serial_shops, shop, uniq_amaemon
Temple:   mainiacjoe_temple_big_plus

Skill      XL: |  1  2  3  4  5  6  7  8  9 |
---------------+----------------------------+-----
Polearms       | 2 3 4 5 7 9 |  9.0
Armour         | 3 4 5 6 |  6.8
Shields        | 3 4 |  4.0
Fighting       | 4 5 6 7 |  7.4
Invocations    | 4 |  4.1

Action                     |  1- 3 |  4- 6 |  7- 9 || total
---------------------------+-------+-------+-------++-------
  Melee: Trident           |   127 |   150 |   436 ||   713
  Throw: Dart              |     3 |       |       ||     3
         Boomerang         |     1 |    34 |    19 ||    54
 Invoke: Recall Undead Har |       |       |     1 ||     1
         Dark Bargain      |       |       |     1 ||     1
  Evoke: Wand              |       |       |     1 ||     1
    Use: Potion            |     1 |     3 |    16 ||    20
         Scroll            |       |     7 |     9 ||    16
   Stab: Invisible         |       |       |     4 ||     4
 Armour: Scale mail        |    35 |    92 |   182 ||   309
         Skin              |       |       |     3 ||     3
         Plate armour      |       |       |    94 ||    94
  Dodge: Dodged            |    48 |    72 |   166 ||   286
  Block: Buckler           |    25 |    45 |    99 ||   169

Table legend: (Time is in decaauts)
 A = Elapsed time spent in this place.
 B = Non-inter-level travel time spent in this place.
 C = Inter-level travel time spent in this place.
 D = Time resting spent in this place.
 E = Time spent auto-exploring this place.
 F = Levels seen in this place.
 G = Mean time per level.
                   A        B        C        D        E       F      G
               +--------+--------+--------+--------+--------+-----+--------+
         Total |   8977 |   8653 |    324 |   1898 |   5172 |   9 |  997.4 |
       Dungeon |   8481 |   8261 |    220 |   1898 |   4790 |   8 | 1060.1 |
        Temple |    495 |    391 |    104 |      0 |    382 |   1 |  495.0 |
               +--------+--------+--------+--------+--------+-----+--------+

Top non-repeatable levels by time:
     D:5: 1513 daAuts
     D:6: 1286 daAuts
     D:7: 1284 daAuts
     D:3: 1166 daAuts
     D:8: 1001 daAuts
     D:4: 811 daAuts
     D:1: 779 daAuts
     D:2: 638 daAuts
  Temple: 495 daAuts
